BLB
TORONTO CANADIANS @ CAROLINA TOBS
07/06/2060
 
TOP OF THE 1ST
Toronto Canadians batting - Pitching for Carolina Tobs : RHP Charlie Spence
Pitching: RHP Charlie Spence
Batting: RHB Ricky Douglas 0-0: Called Strike
0-1: Called Strike
0-2: Foul Ball, location: 2F
0-2: Ball
1-2: Strikes out looking
Batting: RHB Olin Keele 0-0: Called Strike
0-1: Ball
1-1: Ball
2-1: Swinging Strike
2-2: Strikes out swinging
Batting: LHB Brian Wheat 0-0: Ball
1-0: Foul Ball, location: 2F
1-1: Ball
2-1: Ball
3-1: Fly out, F7 (Line Drive, 7, EV 111.9 MPH)
Top of the 1st over - 0 runs, 0 hits, 0 errors, 0 left on base; Toronto 0 - Carolina 0
BOTTOM OF THE 1ST
Carolina Tobs batting - Pitching for Toronto Canadians : LHP Zane Hastings
Pitching: LHP Zane Hastings
Batting: LHB Felton Kirt 0-0: Swinging Strike
0-1: Called Strike
0-2: Ball
1-2: Ball
2-2: Fly out, F9 (Flyball, 9, EV 94.4 MPH)
Batting: SHB Sean Benjamin 0-0: Ball
1-0: Foul Ball, location: 2F
1-1: Called Strike
1-2: Ball
2-2: Foul Ball, location: 2F
2-2: Foul Ball, location: 2F
2-2: SINGLE (Groundball, 6MD, EV 102.5 MPH)
Batting: LHB Trent West 0-0: Foul Ball, location: 2F
0-1: Ball
1-1: Foul Ball, location: 2F
1-2: Fly out, F7 (Line Drive, 78M, EV 106.9 MPH)
Batting: LHB Evan Turner 0-0: Ball
1-0: Called Strike
Sean Benjamin steals 2nd base
1-1: Ball
2-1: Swinging Strike
2-2: Strikes out swinging
Bottom of the 1st over - 0 runs, 1 hit, 0 errors, 1 left on base; Toronto 0 - Carolina 0
TOP OF THE 2ND
Toronto Canadians batting - Pitching for Carolina Tobs : RHP Charlie Spence
Batting: LHB Evan Dollar 0-0: Called Strike
0-1: Foul Ball, location: 2F
0-2: TRIPLE (Flyball, 78XD, EV 101.2 MPH)
Batting: LHB Chase Calhoun 0-0: Swinging Strike
0-1: Called Strike
0-2: Ball
1-2: Foul Ball, location: 2F
1-2: Ball
2-2: Strikes out looking
Batting: LHB David Mitchell 0-0: Ball
1-0: Ball
2-0: Foul Ball, location: 2F
2-1: Foul Ball, location: 2F
2-2: Fly out, F8 (Flyball, 8LD, EV 99.4 MPH)
Runner from 3rd tags up, SCORES, throw by CF
Batting: LHB Romeo Nester 0-0: Ball
1-0: Ball
2-0: Fly out, F9 (Flyball, 9, EV 81.9 MPH)
Top of the 2nd over - 1 run, 1 hit, 0 errors, 0 left on base; Toronto 1 - Carolina 0
BOTTOM OF THE 2ND
Carolina Tobs batting - Pitching for Toronto Canadians : LHP Zane Hastings
Batting: RHB Marcus Fahr 0-0: Foul Ball, location: 2F
0-1: SINGLE (Groundball, 56D, EV 100.6 MPH)
Batting: LHB Clay Newhouse 0-0: Ball
1-0: Fly out, F9 (Line Drive, 9S, EV 86.9 MPH)
Batting: RHB Dennis Brantley 0-0: Ball
1-0: Grounds into double play, 6-4-3 (Groundball, 6, EV 83.1 MPH)
Bottom of the 2nd over - 0 runs, 1 hit, 0 errors, 0 left on base; Toronto 1 - Carolina 0
TOP OF THE 3RD
Toronto Canadians batting - Pitching for Carolina Tobs : RHP Charlie Spence
Batting: LHB Braden Tallman 0-0: Ball
1-0: Foul Ball, location: 2F
1-1: Called Strike
1-2: Foul Ball, location: 2F
1-2: Ground out 4-3 (Groundball, 4, EV 103.1 MPH)
Batting: RHB Dave Babb 0-0: Called Strike
0-1: Ground out 3-1 (Groundball, 34S, EV 84.4 MPH)
Batting: RHB Ricky Douglas 0-0: SINGLE (Line Drive, 4MD, EV 95.0 MPH)
Batting: RHB Olin Keele 0-0: Called Strike
0-1: Ground out 4-3 (Groundball, 4, EV 110.0 MPH)
Top of the 3rd over - 0 runs, 1 hit, 0 errors, 1 left on base; Toronto 1 - Carolina 0
BOTTOM OF THE 3RD
Carolina Tobs batting - Pitching for Toronto Canadians : LHP Zane Hastings
Batting: LHB Kyle Siebert 0-0: Ball
1-0: Called Strike
1-1: Foul Ball, location: 2F
1-2: Ball
2-2: Foul Ball, location: 2F
2-2: Hit by Pitch
Batting: SHB Shaunte Panteleo 0-0: SINGLE (Line Drive, 78S, EV 95.6 MPH)
Kyle Siebert to second
Kyle Siebert to third
Batting: LHB Felton Kirt 0-0: Called Strike
0-1: Ball
1-1: Called Strike
1-2: DOUBLE (Groundball, 3L, EV 106.2 MPH)
Kyle Siebert scores
Shaunte Panteleo to third
Batting: SHB Sean Benjamin 0-0: Ball
1-0: Called Strike
1-1: SINGLE (Line Drive, 89S, EV 99.4 MPH)
Shaunte Panteleo scores
Felton Kirt to third
Batting: LHB Trent West 0-0: Called Strike
0-1: Ball
1-1: SINGLE (Groundball, 34, EV 108.1 MPH) (infield hit)
Felton Kirt scores
Sean Benjamin to second
Batting: LHB Evan Turner 0-0: Ball
1-0: Ball
2-0: Swinging Strike
2-1: Ball
3-1: Called Strike
3-2: Grounds into double play, 4-6-3 (Groundball, 4, EV 85.6 MPH)
Sean Benjamin to third
Batting: RHB Marcus Fahr 0-0: Foul Ball, location: 2F
0-1: Ball
1-1: Ball
2-1: Swinging Strike
2-2: Foul Ball, location: 2F
2-2: Ball
3-2: Foul Ball, location: 2F
3-2: Base on Balls
Batting: LHB Clay Newhouse 0-0: Ground out U3 (Groundball, 23, EV 90.0 MPH)
Bottom of the 3rd over - 3 runs, 4 hits, 0 errors, 2 left on base; Toronto 1 - Carolina 3
TOP OF THE 4TH
Toronto Canadians batting - Pitching for Carolina Tobs : RHP Charlie Spence
Batting: LHB Brian Wheat 0-0: Foul Ball, location: 2F
0-1: Foul Ball, location: 2F
0-2: Strikes out swinging
Batting: LHB Evan Dollar 0-0: Ball
1-0: Ball
2-0: Foul Ball, location: 2F
2-1: Called Strike
2-2: Foul Ball, location: 2F
2-2: Strikes out swinging
Batting: LHB Chase Calhoun 0-0: Ball
1-0: Ball
2-0: Ball
3-0: Called Strike
3-1: Swinging Strike
3-2: Strikes out swinging
Top of the 4th over - 0 runs, 0 hits, 0 errors, 0 left on base; Toronto 1 - Carolina 3
BOTTOM OF THE 4TH
Carolina Tobs batting - Pitching for Toronto Canadians : LHP Zane Hastings
Batting: RHB Dennis Brantley 0-0: Ball
1-0: Ball
2-0: Ball
3-0: Called Strike
3-1: Base on Balls
Batting: LHB Kyle Siebert 0-0: Ball
1-0: Swinging Strike
1-1: Foul Ball, location: 2F
1-2: Strikes out swinging
Batting: SHB Shaunte Panteleo 0-0: Called Strike
0-1: Foul Ball, location: 2F
0-2: Ball
1-2: Ball
2-2: Ball
3-2: Foul Ball, location: 2F
3-2: Fly out, F8 (Line Drive, 78D, EV 89.4 MPH)
Batting: LHB Felton Kirt 0-0: Called Strike
0-1: Ball
1-1: Ball
2-1: Called Strike
2-2: Foul Ball, location: 2F
2-2: Strikes out swinging
Bottom of the 4th over - 0 runs, 0 hits, 0 errors, 1 left on base; Toronto 1 - Carolina 3
TOP OF THE 5TH
Toronto Canadians batting - Pitching for Carolina Tobs : RHP Charlie Spence
Batting: LHB David Mitchell 0-0: Swinging Strike
0-1: Foul Ball, location: 2F
0-2: SOLO HOME RUN (Flyball, 9D, EV 98.8 MPH), Distance : 386 ft
Batting: LHB Romeo Nester 0-0: Ball
1-0: Called Strike
1-1: Ball
2-1: Ball
3-1: DOUBLE (Flyball, 78D, EV 98.8 MPH)
Batting: LHB Braden Tallman 0-0: Sac Bunt to 3S - play at first, batter OUT! 3-1
Romeo Nester to third
Batting: RHB Dave Babb 0-0: Ball
1-0: Ball
2-0: SINGLE (Groundball, 56D, EV 101.9 MPH)
Romeo Nester scores
Batting: RHB Ricky Douglas 0-0: Fly out, F7 (Line Drive, 7, EV 92.5 MPH)
Batting: RHB Olin Keele 0-0: Ball
1-0: SINGLE (Line Drive, 6D, EV 103.8 MPH)
Dave Babb to second
Batting: LHB Brian Wheat 0-0: Swinging Strike
0-1: TRIPLE (Flyball, 78XD, EV 105.0 MPH)
Dave Babb scores
Olin Keele scores
Batting: LHB Evan Dollar 0-0: Called Strike
0-1: Ball
1-1: SINGLE (Groundball, 56D, EV 102.5 MPH)
Brian Wheat scores
Batting: LHB Chase Calhoun 0-0: Called Strike
0-1: Foul Ball, location: 2F
0-2: Strikes out swinging
Top of the 5th over - 5 runs, 6 hits, 0 errors, 1 left on base; Toronto 6 - Carolina 3
BOTTOM OF THE 5TH
Carolina Tobs batting - Pitching for Toronto Canadians : LHP Zane Hastings
Batting: SHB Sean Benjamin 0-0: Foul Ball, location: 2F
0-1: Called Strike
0-2: Ball
1-2: Ball
2-2: Foul Ball, location: 2F
2-2: Strikes out swinging
Batting: LHB Trent West 0-0: Called Strike
0-1: Ball
1-1: Ball
2-1: Called Strike
2-2: Fly out, F7 (Flyball, 78D, EV 96.9 MPH)
Batting: LHB Evan Turner 0-0: Ball
1-0: Foul Ball, location: 2F
1-1: Called Strike
1-2: Ball
2-2: SINGLE (Groundball, 25, EV 68.1 MPH) (infield hit)
Batting: RHB Marcus Fahr 0-0: Ground out 5-3 (Groundball, 56S, EV 89.4 MPH)
Bottom of the 5th over - 0 runs, 1 hit, 0 errors, 1 left on base; Toronto 6 - Carolina 3
TOP OF THE 6TH
Toronto Canadians batting - Pitching for Carolina Tobs : RHP Charlie Spence
Batting: LHB David Mitchell 0-0: Ball
1-0: Ball
2-0: Ball
3-0: Called Strike
3-1: DOUBLE (Flyball, 8RXD, EV 90.6 MPH)
Batting: LHB Romeo Nester 0-0: Called Strike
0-1: Fly out, F7 (Flyball, 7LSF, EV 82.5 MPH)
Batting: LHB Braden Tallman 0-0: Intentional Walk
Batting: RHB Dave Babb 0-0: Ball
1-0: Foul Ball, location: 2F
1-1: Ball
2-1: Reached on error, E1 (Groundball, P, EV 65.0 MPH)
David Mitchell to third
Braden Tallman to second
Batting: RHB Ricky Douglas 0-0: Swinging Strike
0-1: Ball
1-1: Fly out, F9 (Flyball, 89D, EV 86.2 MPH)
Throwing error, E9
David Mitchell scores
Braden Tallman to third
Dave Babb to second
Batting: RHB Olin Keele 0-0: Ball
1-0: Foul Ball, location: 2F
1-1: Ground out 4-3 (Groundball, 4, EV 106.2 MPH)
Top of the 6th over - 1 run, 1 hit, 2 errors, 2 left on base; Toronto 7 - Carolina 3
BOTTOM OF THE 6TH
Carolina Tobs batting - Pitching for Toronto Canadians : LHP Zane Hastings
Batting: LHB Clay Newhouse 0-0: Ball
1-0: Called Strike
1-1: Fly out, F8 (Flyball, 8RXD, EV 109.4 MPH)
Batting: RHB Dennis Brantley 0-0: Called Strike
0-1: Ball
1-1: Foul Ball, location: 2F
1-2: Foul Ball, location: 2F
1-2: Strikes out swinging
Batting: LHB Kyle Siebert 0-0: Ball
1-0: Fly out, F6 (Popup, 6, EV 63.1 MPH)
Bottom of the 6th over - 0 runs, 0 hits, 0 errors, 0 left on base; Toronto 7 - Carolina 3
TOP OF THE 7TH
Toronto Canadians batting - Pitching for Carolina Tobs : RHP Charlie Spence
Batting: LHB Brian Wheat 0-0: Ball
1-0: Ball
2-0: Swinging Strike
2-1: Swinging Strike
2-2: Ball
3-2: Foul Ball, location: 2F
3-2: Foul Ball, location: 2F
3-2: Strikes out swinging
Batting: LHB Evan Dollar 0-0: Foul Ball, location: 2F
0-1: Foul Ball, location: 2F
0-2: Strikes out swinging
Batting: LHB Chase Calhoun 0-0: Ball
1-0: Called Strike
1-1: Ball
2-1: Foul Ball, location: 2F
2-2: DOUBLE (Flyball, 78XD, EV 98.1 MPH)
Pitching: RHP Logan Bunnell
Batting: LHB David Mitchell 0-0: Foul Ball, location: 2F
0-1: Ball
1-1: Swinging Strike
1-2: Foul Ball, location: 2F
1-2: Ball
2-2: Strikes out looking
Top of the 7th over - 0 runs, 1 hit, 0 errors, 1 left on base; Toronto 7 - Carolina 3
BOTTOM OF THE 7TH
Carolina Tobs batting - Pitching for Toronto Canadians : LHP Zane Hastings
Batting: SHB Shaunte Panteleo 0-0: Ground out 5-3 (Groundball, 5, EV 86.2 MPH)
Batting: LHB Felton Kirt 0-0: Called Strike
0-1: Ball
1-1: Foul Ball, location: 2F
1-2: Strikes out looking
Batting: SHB Sean Benjamin 0-0: Ball
1-0: Ball
2-0: Called Strike
2-1: SINGLE (Groundball, 6MD, EV 98.8 MPH)
Batting: LHB Trent West 0-0: Called Strike
0-1: Ball
1-1: Ball
2-1: Swinging Strike
2-2: Strikes out swinging
Bottom of the 7th over - 0 runs, 1 hit, 0 errors, 1 left on base; Toronto 7 - Carolina 3
TOP OF THE 8TH
Toronto Canadians batting - Pitching for Carolina Tobs : RHP Logan Bunnell
Batting: LHB Romeo Nester 0-0: Ball
1-0: Ground out U3 (Groundball, 3, EV 93.1 MPH)
Batting: LHB Braden Tallman 0-0: Ball
1-0: Swinging Strike
1-1: Foul Ball, location: 2F
1-2: Strikes out swinging
Batting: RHB Dave Babb 0-0: Ball
1-0: Called Strike
1-1: SINGLE (Groundball, 4D, EV 99.4 MPH)
Batting: RHB Ricky Douglas 0-0: Called Strike
0-1: Called Strike
0-2: Foul Ball, location: 2F
0-2: Strikes out swinging
Top of the 8th over - 0 runs, 1 hit, 0 errors, 1 left on base; Toronto 7 - Carolina 3
BOTTOM OF THE 8TH
Carolina Tobs batting - Pitching for Toronto Canadians : LHP Zane Hastings
Batting: LHB Evan Turner 0-0: Ball
1-0: SINGLE (Groundball, 4MD, EV 103.1 MPH)
Pitching: LHP Jordan Stephens
Batting: RHB Marcus Fahr 0-0: Ball
1-0: Called Strike
1-1: Called Strike
1-2: SINGLE (Line Drive, 8LS, EV 104.4 MPH)
Evan Turner to second
Batting: LHB Clay Newhouse 0-0: Ball
1-0: Called Strike
1-1: Swinging Strike
1-2: Ball
2-2: Strikes out looking
Batting: RHB Dennis Brantley 0-0: Ball
1-0: Foul Ball, location: 2F
1-1: Ball
2-1: Foul Ball, location: 2F
2-2: Strikes out swinging
Batting: LHB Kyle Siebert 0-0: Called Strike
0-1: Ball
1-1: Ball
2-1: SINGLE (Groundball, 34D, EV 96.2 MPH)
Evan Turner to third
Marcus Fahr to second
Runner from 3rd tries for Home, SAFE, throw by RF to home
Batting: SHB Shaunte Panteleo 0-0: Fly out, F9 (Line Drive, 89S, EV 92.5 MPH)
Bottom of the 8th over - 1 run, 3 hits, 0 errors, 2 left on base; Toronto 7 - Carolina 4
TOP OF THE 9TH
Toronto Canadians batting - Pitching for Carolina Tobs : RHP Logan Bunnell
Batting: RHB Olin Keele 0-0: Called Strike
0-1: Fly out, F7 (Line Drive, 7S, EV 92.5 MPH)
Batting: LHB Brian Wheat 0-0: Ball
1-0: Ball
2-0: Ball
3-0: Called Strike
3-1: Base on Balls
Batting: LHB Evan Dollar Pickoff Throw to First - Error! E1
Brian Wheat to second
0-0: Hit by Pitch
Batting: LHB Chase Calhoun 0-0: Called Strike
0-1: Ball
Brian Wheat is caught stealing 3rd base 2-5
1-1: Ball
2-1: Swinging Strike
2-2: DOUBLE (Flyball, 89D, EV 111.2 MPH)
Evan Dollar to third
Runner from 3rd tries for Home, throw by RF and OUT! 9-4-2
Top of the 9th over - 0 runs, 1 hit, 1 error, 1 left on base; Toronto 7 - Carolina 4
BOTTOM OF THE 9TH
Carolina Tobs batting - Pitching for Toronto Canadians : LHP Jordan Stephens
Pitching: RHP Brian Clark
Now at 2B: Olin Keele
Now at 3B: Dave Babb
Now at SS: Keon Pryor
Now in RF: Ryan De Faria
Batting: LHB Felton Kirt 0-0: Ball
1-0: Ball
2-0: Called Strike
2-1: Foul Ball, location: 2F
2-2: Foul Ball, location: 2F
2-2: Foul Ball, location: 2F
2-2: Foul Ball, location: 2F
2-2: Foul Ball, location: 2F
2-2: Foul Ball, location: 2F
2-2: Hit by Pitch
Batting: SHB Sean Benjamin 0-0: Fielders Choice at 2nd, 3-6 (Groundball, 3, EV 106.2 MPH)
Batting: LHB Trent West 0-0: Called Strike
0-1: Swinging Strike
0-2: Foul Ball, location: 2F
0-2: Strikes out looking
Batting: LHB Evan Turner 0-0: SINGLE (Line Drive, 78S, EV 110.0 MPH)
Sean Benjamin to second
Batting: RHB Marcus Fahr 0-0: Called Strike
0-1: Ball
1-1: Foul Ball, location: 2F
1-2: Ball
2-2: Strikes out swinging
Bottom of the 9th over - 0 runs, 1 hit, 0 errors, 2 left on base; Toronto 7 - Carolina 4
Wednesday, May 15th , 2024 - OOTP Baseball 23.10 Build 110